 Dungeon Crawl Stone Soup version 0.31.0-32-g396128a36d (webtiles) character file.

Game seed: 5558649268447499181

326 James the Shooter (level 6, -3/46 HPs)
             Began as a Formicid Hunter on Mar 13, 2024.
             Was an Initiate of Gozag.
             Slain by Prince Ribbit (18 damage)
             ... on level 5 of the Dungeon.
             The game lasted 00:09:39 (3321 turns).

James the Shooter (Formicid Hunter)                 Turns: 3321, Time: 00:09:39

Health: -3/46      AC:  4    Str: 21    XL:     6   Next: 79%
Magic:  6/6        EV: 12    Int:  8    God:    Gozag
Gold:   49         SH:  0    Dex: 19    Spells: 5/5 levels left

rFire   . . .        b - +5 orcbow of Oteiga Gyno {flame, rPois Str+5}
rCold   + . .        (no shield)
rNeg    . . .        c - +0 leather armour
rPois   +            (helmet unavailable)
rElec   .            (no cloak)
rCorr   .            (no gloves)
SInv    +            g - +0 pair of boots
Will    .....        e - amulet of regeneration
Stlth   ++           o - ring of protection from cold
HPRegen 1.07/turn    K - ring of flight
MPRegen 0.10/turn

%: no passive effects
@: gold aura, flying
A: permanent stasis, dig shafts and tunnels, antennae 3, four strong arms
a: Dig, Shaft Self, Renounce Religion, Potion Petition, Call Merchant, Bribe
Branch


You were on level 5 of the Dungeon.
You worshipped Gozag.
Gozag was noncommittal.
You visited 2 branches of the dungeon, and saw 6 of its levels.

You collected 333 gold pieces.
You spent 249 gold pieces at shops.
You paid 35 gold pieces to Gozag.

Inventory:

Hand Weapons
 a - a +0 shortbow
 b - the +5 orcbow of Oteiga Gyno (weapon) {flame, rPois Str+5}
   (You bought it in a shop on level 4 of the Dungeon)

   Str+5:     It affects your strength (+5).
   rPois:     It protects you from poison
 n - a +0 short sword
   (You took it off a kobold on level 1 of the Dungeon)
 r - a +0 flail
   (You took it off an orc on level 3 of the Dungeon)
 C - a +0 morningstar
   (You took it off an orc on level 3 of the Dungeon)
 E - a +0 whip
   (You took it off a kobold on level 1 of the Dungeon)
 G - a +0 rapier
   (You found it on level 4 of the Dungeon)
 M - a +4 trident
   (You took it off an orc on level 4 of the Dungeon)
 O - a +0 dagger of draining
   (You took it off a goblin on level 4 of the Dungeon)
Missiles
 f - 6 silver javelins
Armour
 c - a +0 leather armour (worn)
 d - a +0 ring mail
   (You found it on level 1 of the Dungeon)
 g - a +0 pair of boots (worn)
   (You found it on level 1 of the Dungeon)
 h - a +0 ring mail
   (You found it on level 1 of the Dungeon)
 i - a +0 ring mail
   (You found it on level 1 of the Dungeon)
 j - a +0 scale mail
   (You took it off an orc on level 3 of the Dungeon)
 k - a +0 leather armour
   (You found it on level 1 of the Dungeon)
 p - a +0 ring mail
   (You found it on level 2 of the Dungeon)
 s - a +0 leather armour
   (You found it on level 1 of the Dungeon)
 t - a +0 leather armour
   (You found it on level 2 of the Dungeon)
 w - a +0 chain mail
   (You found it on level 4 of the Dungeon)
 A - a +0 scale mail
   (You took it off a goblin on level 3 of the Dungeon)
 B - a +0 robe
   (You took it off an orc wizard on level 3 of the Dungeon)
 D - a +0 robe
   (You took it off an orc wizard on level 3 of the Dungeon)
 L - a +0 leather armour
   (You took it off an orc on level 4 of the Dungeon)
 N - a +0 scale mail
   (You took it off an orc on level 4 of the Dungeon)
 Q - a +0 ring mail
   (You found it on level 4 of the Dungeon)
Jewellery
 e - an amulet of regeneration (around neck)
   (You found it on level 2 of the Dungeon)
 o - a ring of protection from cold (left hand)
   (You found it on level 4 of the Dungeon)
 F - an amulet of the acrobat
   (You found it on level 4 of the Dungeon)
 J - an amulet of guardian spirit
   (You found it on level 4 of the Dungeon)
 K - a ring of flight (right hand)
   (You found it on level 4 of the Dungeon)
Scrolls
 l - a scroll of enchant armour {unknown}
 q - 2 scrolls of vulnerability {unknown}
 v - a scroll of blinking {unknown}
 x - a scroll of fog {unknown}
 y - a scroll of poison {unknown}
 I - 3 scrolls of teleportation {unknown}
 R - a scroll of butterflies
Potions
 m - 3 potions of curing {@q1}
 u - 2 potions of might
 z - a potion of ambrosia
 H - a potion of heal wounds {unknown}
 P - a potion of attraction {!q}


   Skills:
 + Level 2.6 Fighting
 * Level 7.3 Ranged Weapons
 + Level 1.1 Armour
 - Level 1.7 Dodging
 - Level 1.2 Stealth


You had 5 spell levels left.
You didn't know any spells.
Your spell library was empty.

Dungeon Overview and Level Annotations

Branches:
Dungeon (5/15)             Temple (1/1) D:4

Altars:
Cheibriados
Fedhas
Gozag
Nemelex Xobeh
Ru
Xom
Yredelemnul
Zin

Shops:
D:3 ?   D:4 *(   D:5 (

Annotations:
D:5 Prince Ribbit


Innate Abilities, Weirdness & Mutations

You cannot be hasted, slowed, berserked, paralysed or teleported.
You can dig through walls and to a lower floor.
You have a pair of large antennae on your head. (SInv)
Your four strong arms can wield two-handed weapons with a shield.


Message History

You shoot an arrow. The arrow closely misses Prince Ribbit.
The gnoll bouda shouts!
The arrow hits the gnoll!
The arrow burns the gnoll.
You kill the gnoll!
You hear a shout! x2
You shoot an arrow. The arrow misses Prince Ribbit.
The arrow hits the gnoll but does no damage.
You hear a shout!
The gnoll bouda barks out a call to the hunt!
The gnoll picks up the pace!
Prince Ribbit lets out a mournful croak.
Prince Ribbit barely misses you.
You shoot an arrow. The arrow misses Prince Ribbit.
The arrow hits the gnoll.
The arrow burns the gnoll.
Prince Ribbit hits you!
Fire: b) +5 orcbow of Oteiga Gyno {flame, rPois Str+5}
Press: ? - help, Q - select action, (/) - cycle Shift-Dir - straight line, f/p - Prince Ribbit
Aim: Prince Ribbit (46% to hit)
Okay, then.
Unknown command.
Okay, then.
Unknown command.
Fire: b) +5 orcbow of Oteiga Gyno {flame, rPois Str+5}
Press: ? - help, Q - select action, (/) - cycle Shift-Dir - straight line, f/p - Prince Ribbit
Aim: Prince Ribbit (46% to hit)
You shoot an arrow. The arrow hits Prince Ribbit!!
The arrow burns Prince Ribbit.
Prince Ribbit barely misses you.
The gnoll hits you from afar with a +0 spear.
Prince Ribbit croaks regally.
Prince Ribbit hits you!
Fire: b) +5 orcbow of Oteiga Gyno {flame, rPois Str+5}
Press: ? - help, Q - select action, (/) - cycle Shift-Dir - straight line, f/p - Prince Ribbit
Aim: Prince Ribbit (heavily wounded, 46% to hit)
You shoot an arrow. The arrow barely misses Prince Ribbit.
The arrow barely misses the gnoll.
The arrow hits the gnoll bouda but does no damage.
Prince Ribbit hits you. The gnoll hits you but does no damage.
Unknown command.
Fire: b) +5 orcbow of Oteiga Gyno {flame, rPois Str+5}
Press: ? - help, Q - select action, (/) - cycle Shift-Dir - straight line, f/p - Prince Ribbit
Aim: Prince Ribbit (heavily wounded, 46% to hit)
You shoot an arrow. The arrow misses Prince Ribbit.
The arrow hits the gnoll!
The arrow burns the gnoll.
You kill the gnoll!
Prince Ribbit hits you!
* * * LOW HITPOINT WARNING * * *
Prince Ribbit hits you!!
You die...
Your body crumbles into a pile of gold.

#.###8## #.#
### #.# #.#
#.# #.# #.#
#.##########.
#....@Fg...$.
#############


You could see Prince Ribbit and a gnoll bouda.

Vanquished Creatures
  A scorpion (D:4)
  A hound (D:4)
  An orc priest (D:3)
  2 orc wizards (D:3)
  An adder (D:2)
  7 gnolls
  A white imp (D:5)
  A dart slug (D:1)
  2 ribbon worms (D:2)
  9 orcs
  7 bats
  2 endoplasms (D:2)
  3 giant cockroaches
  8 goblins
  2 hobgoblins
  6 kobolds
  A quokka (D:3)
  7 ball pythons
  12 frilled lizards
  4 rats
78 creatures vanquished.

Notes
Turn   | Place    | Note
-------+----------+-------------------------------------------
     0 | D:1      | James the Formicid Hunter began the quest for the Orb.
     0 | D:1      | Reached XP level 1. HP: 16/16 MP: 1/1
   107 | D:1      | Reached XP level 2. HP: 22/22 MP: 2/2
   358 | D:1      | Reached XP level 3. HP: 27/27 MP: 3/3
   524 | D:1      | Reached skill level 5 in Ranged Weapons
  1611 | D:2      | Reached XP level 4. HP: 33/33 MP: 4/4
  1771 | D:3      | Found an opulent altar of Gozag.
  1790 | D:3      | Became a worshipper of Gozag Ym Sagoz the Greedy
  1811 | D:3      | Reached XP level 5. HP: 37/38 MP: 5/5
  1832 | D:3      | Found a glowing silver altar of Zin.
  1958 | D:3      | Reached skill level 6 in Ranged Weapons
  2142 | D:3      | Found Bigrotia's Magic Scroll Shoppe.
  2418 | D:3      | Found a faded altar of an unknown god.
  2474 | D:3      | Bought a scroll of identify for 20 gold pieces
  2659 | D:3      | Reached XP level 6. HP: 32/44 MP: 6/6
  2707 | D:4      | Found a staircase to the Ecumenical Temple.
  2717 | Temple   | Entered the Ecumenical Temple
  2779 | D:4      | Found Taqes's Antique Weapon Boutique.
  2821 | D:4      | Found Latwa's General Store.
  2902 | D:4      | Reached skill level 7 in Ranged Weapons
  3257 | D:4      | Bought an ancient orcbow for 229 gold pieces
  3257 | D:4      | Identified the +5 orcbow of Oteiga Gyno {flame, rPois
                  | Str+5} (You bought it in a shop on level 4 of the Dungeon)
  3275 | D:5      | Entered Level 5 of the Dungeon
  3275 | D:5      | Found Ulephopa's Antique Weapon Emporium.
  3293 | D:5      | Reached skill level 1 in Armour
  3314 | D:5      | Noticed Prince Ribbit
  3321 | D:5      | Slain by Prince Ribbit

Illustrated notes

Levels and vault maps discovered:
D:1:      tarquinn_simple_flora_water_c, layout_loops_corners,
          minmay_lizard_pond
D:2:      layout_basic, grunt_decor_cap, st_stairs_9
D:3:      layout_loops_ring, marbit_many_paths, old_standard_altar,
          shapermc_ecumenical_altar_mp_vishouse, serial_shops,
          nicolae_shop_behind_doors, kennysheep_generic_room_3
D:4:      layout_rooms, minmay_temple_entry_crystal_x, serial_shops, shop,
          nicolae_shop_pleasant_corner_grove, skrybe_limestone_x,
          minmay_hedge_maze
D:5:      layout_basic, general_overflow_altar, mainiacjoe_overflow_catwalk,
          serial_shops, shop, nicolae_stop_n_shop_2, minmay_shop_mass,
          uniq_sigmund, uniq_prince_ribbit1
Temple:   nicolae_temple_stand_before_the_council

Skill      XL: |  1  2  3  4  5  6 |
---------------+-------------------+-----
Ranged Weapons | 5 6 7 |  7.3
Armour         | 1 |  1.1
Fighting       | |  2.6
Dodging        | |  1.7
Stealth        | |  1.2

Action                     |  1- 3 |  4- 6 || total
---------------------------+-------+-------++-------
  Melee: Shortbow          |       |     2 ||     2
   Fire: Shortbow          |   123 |   133 ||   256
         Orcbow            |       |    16 ||    16
    Use: Scroll            |       |     6 ||     6
 Armour: Leather armour    |    19 |    66 ||    85
  Dodge: Dodged            |    25 |    45 ||    70
